 Dungeon Sprint DCSS version 0.30.1-11-g7821555f0a (webtiles) character file.

Game seed: 2523269713527678354

381 Heoruswealwe the Spear-Bearer (level 6, -3/63 HPs)
             Began as a Minotaur Fighter on Dec 3, 2023.
             Was an Initiate of Gozag.
             Slain by an orc warrior
             ... wielding a +0 short sword
              (8 damage)
             ... in the Dungeon (Sprint IX: "|||||||||||||||||||||||||||||").
             The game lasted 00:01:05 (109 turns).

Heoruswealwe the Spear-Bearer (Minotaur Fighter)     Turns: 109, Time: 00:01:05

Health: -3/63      AC:  8    Str: 22    XL:     6   Next: 46%
Magic:  5/5        EV:  9    Int:  5    God:    Gozag
Gold:   0          SH:  4    Dex: 10    Spells: 5/5 levels left

rFire   . . .        a - +0 trident
rCold   . . .        d - +0 buckler
rNeg    . . .        c - +0 scale mail
rPois   .            (helmet restricted)
rElec   .            (no cloak)
rCorr   .            (no gloves)
SInv    .            (no boots)
Will    .....        (no amulet) Stlth
                     (no ring)
HPRegen 0.30/turn    (no ring)
MPRegen 0.09/turn

%: no teleportation
@: gold aura
A: horns 2, retaliatory headbutt
a: Renounce Religion, Potion Petition, Call Merchant, Bribe Branch


You were in the Dungeon.
You worshipped Gozag.
Gozag was noncommittal.
You visited 1 branch

Inventory:

Hand Weapons
 a - a +0 trident (weapon)
Armour
 c - a +0 scale mail (worn)
 d - a +0 buckler (worn)
Jewellery
 k - a +2 ring of evasion
 l - a +3 ring of dexterity
Wands
 h - a wand of quicksilver (10)
Scrolls
 j - 2 scrolls of blinking
Potions
 b - a potion of might
 e - 5 potions of curing
 f - 3 potions of heal wounds
 g - a potion of haste
 i - a potion of berserk rage


   Skills:
 + Level 9.1 Fighting
 * Level 12.0 Polearms
 + Level 9.1 Armour
 - Level 3.6 Shields


You had 5 spell levels left.
You didn't know any spells.
Your spell library was empty.

Dungeon Overview and Level Annotations

Branches:
Dungeon (1/1)

Altars:
Cheibriados
Dithmenos
Elyvilon
Fedhas
Gozag
Hepliaklqana
Kikubaaqudgha
Makhleb
Nemelex Xobeh
Okawaru
Qazlal
Ru
Sif Muna
Trog
Uskayaw
Vehumet
Wu Jian
Xom
Yredelemnul
Zin
The Shining One
Jiyva
Lugonu


Innate Abilities, Weirdness & Mutations

You have a pair of horns on your head.
You reflexively headbutt those who attack you in melee.


Message History

The kobold demonologist begins to cast a cantrip, but forgets the words!
You hit the wyvern but do no damage.
The wyvern is moderately wounded.
The wyvern is distracted by your dazzling golden aura.
The wyvern hisses angrily.
You hit the wyvern but do no damage.
The wyvern is no longer distracted by gold.
Your headbutt misses the wyvern.
The wyvern is moderately wounded.
You block the wyvern's attack.
You closely miss the wyvern.
The wyvern is moderately wounded.
The wyvern bites you.
* * * LOW HITPOINT WARNING * * *
You puncture the wyvern!
The wyvern is severely wounded.
The wyvern bites you but does no damage.
You puncture the wyvern! Your headbutt misses the wyvern.
The wyvern is almost dead.
The wyvern bites you.
* * * LOW HITPOINT WARNING * * *
The kobold demonologist looks encouraged for a moment.
The wyvern bites you but does no damage.
You puncture the wyvern!
You kill the wyvern!
Your Fighting skill increases to level 9!
Your Polearms skill gained 2 levels and is now at level 12!
Your Armour skill increases to level 9!
You have reached level 6!
The orc warrior hits you but does no damage.
There is an open door to the Dungeon, spattered with blood here.
You see here 288 gold pieces.
You barely miss the orc warrior.
The orc warrior is distracted by your dazzling golden aura.
You completely miss the orc warrior.
The orc warrior is no longer distracted by gold.
The orc warrior shouts!
The orc warrior hits you with a +0 short sword!
You die...
Your body crumbles into a pile of gold.

▓+▓
▓.▓
$
▓5▓
$
▓.▓
$ $
▓K▓
$
▓l▓
$ $
▓o▓
▓@▓
$ $
▓.▓
▓.▓
$
▓[▓
▓[▓
$
▓[▓
▓.▓
$
▓)▓
$
▓?▓
$


You could see a kobold demonologist, an orc warrior, a wyvern and a shadow imp
(summoned).

Vanquished Creatures
  2 wyverns (D)
  2 hounds (D)
  An adder (D)
  An ufetubus (D)
  A worm (D)
  An endoplasm (D)
  A giant cockroach (D)
  2 hobgoblins (D)
  A bat (D)
12 creatures vanquished.

Notes
Turn   | Place    | Note
-------+----------+-------------------------------------------
     0 | D        | Heoruswealwe the Minotaur Fighter began the quest for the
                  | Orb.
     0 | D        | Reached XP level 1. HP: 19/19 MP: 0/0
     8 | D        | Reached skill level 3 in Polearms
    11 | D        | Banished a spatial maelstrom
    19 | D        | Noticed a hound
    19 | D        | Noticed a hound
    25 | D        | Killed a hound
    26 | D        | Reached skill level 5 in Fighting
    26 | D        | Reached skill level 5 in Polearms
    26 | D        | Reached skill level 5 in Armour
    26 | D        | Reached XP level 2. HP: 25/29 MP: 1/1
    26 | D        | Reached XP level 3. HP: 31/36 MP: 2/2
    28 | D        | Reached skill level 6 in Polearms
    41 | D        | Reached skill level 7 in Polearms
    41 | D        | Reached XP level 4. HP: 22/44 MP: 3/3
    49 | D        | Found a snail-covered altar of Cheibriados.
    49 | D        | Found a shadowy altar of Dithmenos.
    49 | D        | Found a white marble altar of Elyvilon.
    49 | D        | Found a blossoming altar of Fedhas.
    49 | D        | Found an opulent altar of Gozag.
    50 | D        | Found a hazy altar of Hepliaklqana.
    51 | D        | Found a viscous altar of Jiyva.
    52 | D        | Found an ancient bone altar of Kikubaaqudgha.
    53 | D        | Found a corrupted altar of Lugonu.
    54 | D        | Found a burning altar of Makhleb.
    55 | D        | Found a sparkling altar of Nemelex Xobeh.
    56 | D        | Found an iron altar of Okawaru.
    57 | D        | Became a worshipper of Gozag Ym Sagoz the Greedy
    58 | D        | Found a stormy altar of Qazlal.
    59 | D        | Found a sacrificial altar of Ru.
    60 | D        | Found a shimmering blue altar of Sif Muna.
    61 | D        | Found a bloodstained altar of Trog.
    62 | D        | Found a hide-covered altar of Uskayaw.
    63 | D        | Found a radiant altar of Vehumet.
    64 | D        | Found an ornate altar of the Wu Jian Council.
    65 | D        | Found a shimmering altar of Xom.
    66 | D        | Found a basalt altar of Yredelemnul.
    67 | D        | Found a glowing silver altar of Zin.
    68 | D        | Found a glowing golden altar of the Shining One.
    92 | D        | Noticed a vampire
    92 | D        | Noticed a kobold demonologist
    92 | D        | Noticed a wyvern
    92 | D        | Noticed an orc warrior
    92 | D        | Noticed a wyvern
    92 | D        | Noticed a wyvern
    98 | D        | Killed a wyvern
    99 | D        | Reached skill level 10 in Polearms
    99 | D        | Reached XP level 5. HP: 18/53 MP: 4/4
   106 | D        | Killed a wyvern
   107 | D        | Reached skill level 12 in Polearms
   107 | D        | Reached XP level 6. HP: 4/63 MP: 5/5
   109 | D        | Slain by an orc warrior

Illustrated notes

Levels and vault maps discovered:
D:        linesprint [early_d, line_temple, items_1, d_10, items_2, lair_1,
          lair_end, items_3, orc_1, orc_end, items_4, d_15, swamp_1, shoals_1,
          snake_1, spider_1, d_20, vaults_1, items_5, swamp_end, shoals_end,
          snake_end, spider_end, vaults_end, d_27, items_6, zot_1, zot_end,
          crypt_end, forest_end, elf_end, slime_end, tomb_end, abyss_end,
          pan_hell_end]

Skill      XL: |  1  2  3  4  5 |
---------------+----------------+-----
Polearms       | 5 7 10 12 | 12.0
Fighting       | 5 6 8 9 |  9.1
Armour         | 5 6 8 9 |  9.1
Shields        | |  3.6

Action                     |  1- 3 |  4- 6 || total
---------------------------+-------+-------++-------
  Melee: Trident           |    28 |    19 ||    47
         Headbutt          |     5 |     3 ||     8
 Armour: Scale mail        |    11 |     5 ||    16
  Dodge: Dodged            |    17 |     4 ||    21
  Block: Buckler           |     6 |     4 ||    10
